 Dungeon Crawl Stone Soup version 0.18.1-8-gdd0e5ea (webtiles) character file.

890 oplop the Firebug (level 8, -10/69 HPs)
             Began as an Octopode Fire Elementalist on May 22, 2016.
             Killed by divine providence
             ... invoked by an orc priest
              (11 damage)
             ... on level 5 of the Dungeon.
             The game lasted 00:14:16 (4687 turns).

oplop the Firebug (Octopode Fire Elementalist)      Turns: 4687, Time: 00:14:17

Health: -10/69     AC: 24    Str: 10 (13) XL:     8   Next: 6%
Magic:  14/14      EV:  2    Int: 23 (24) God:
Gold:   82         SH:  0    Dex: 11 (12) Spells: 3 memorised, 9 levels left

rFire  . . .     SeeInvis .     w - +3 dagger
rCold  . . .     Gourm    .     (no shield)
rNeg   + + +     Faith    .     (helmet currently unavailable)
rPois  +         Spirit   .     (no amulet)
rElec  .         Dismiss  .     (no ring)
rCorr  .         Reflect  .     (no ring)
SustAt .         Harm     .     (no ring)
MR     .....     NoTele   +     (no ring)
Stlth  +++.......               (no ring)
                                (no ring)
                                (no ring)
                                (no ring)

@: mighty, brilliant, tree-form, not resistant to hostile enchantments, fairly
stealthy
A: almost no armour, (amphibious), 8 rings, (constrict 8), (camouflage 0), slow
regeneration 1, (gelatinous body 0)
a: no special abilities


You were on level 5 of the Dungeon.
You were hungry.
You were a tree.
You visited 1 branch of the dungeon, and saw 5 of its levels.

You collected 174 gold pieces.
You spent 92 gold pieces at shops.

Inventory:

Hand Weapons
 w - a +3 dagger (weapon)
 A - a +0 dagger of venom
Armour
 B - a +0 buckler
Jewellery
 t - an uncursed ring of poison resistance {unknown}
 v - an uncursed ring of wizardry {unknown}
Scrolls
 c - 8 scrolls of identify {unknown}
 d - a scroll of enchant armour {unknown}
 e - a scroll of magic mapping {unknown}
 g - 2 scrolls of random uselessness {unknown}
 i - 2 scrolls of remove curse
 n - a scroll of fear {unknown}
 o - 3 scrolls of enchant weapon {unknown}
 s - 2 scrolls of blinking {unknown}
 x - a scroll of recharging {unknown}
 y - 2 scrolls of teleportation {unknown}
Potions
 h - a potion of lignification
 p - a potion of might
 u - a potion of degeneration
Books
 a - a book of Flames

   Spells                             Type                      Level
   a - Flame Tongue                   Conjuration/Fire             1
   b - Throw Flame                    Conjuration/Fire             2
   c - Conjure Flame                  Conjuration/Fire             3
   d - Inner Flame                    Hexes/Fire                   3
   e - Sticky Flame                   Conjuration/Fire             4
   f - Fireball                       Conjuration/Fire             5
Comestibles
 b - 6 bread rations
 f - 2 beef jerkies
 r - 5 meat rations
 z - 3 fruits


   Skills:
 + Level 4.9 Dodging
 - Level 2.6 Stealth
 + Level 4.4 Spellcasting
 + Level 4.5 Conjurations
 + Level 5.0 Fire Magic


You had 9 spell levels left.
You knew the following spells:

 Your Spells              Type           Power        Failure   Level  Hunger
a - Flame Tongue          Conj/Fire      #####        1%          1    None
b - Throw Flame           Conj/Fire      #####.       1%          2    None
c - Conjure Flame         Conj/Fire      #####...     1%          3    ##.....


Dungeon Overview and Level Annotations

Branches:
Dungeon (5/15)             Temple (0/1) D:5

Altars:
Okawaru
Sif Muna

Shops:
D:4 (

Annotations:
D:5 raph's ghost, amateur DDNe


Innate Abilities, Weirdness & Mutations

You cannot wear most types of armour.
((You are amphibious.))
You can wear up to eight rings at the same time.
((You can use your tentacles to constrict eight enemies at once.))
((Your skin changes colour to match your surroundings (Stealth).))
((Your rubbery body absorbs attacks (AC +1).))
You regenerate slowly when monsters are visible.


Message History

Drink which item? (? for menu, Esc to quit)
It was a potion of cure mutation.
It has a very clean taste.
Your magical essence is no longer linked to your wands.
Your urge to shout disappears.
You no longer feel jittery.
You feel slightly disoriented.
The orc wizard gestures wildly while chanting.
The orc wizard flickers and vanishes!
Deactivating autopickup; reactivate with Ctrl-A.
The orc priest miscasts a cantrip.
Drink which item? (? for menu, Esc to quit)
You turn into a tree.
Your roots penetrate the ground.
Something hits you but does no damage.
Read which item? (? for menu, Esc to quit)
Okay, then.
You closely miss the orc wizard.
The orc wizard hits you but does no damage.
Something hits you but does no damage.
The orc priest calls down the wrath of Beogh upon you.
Beogh smites you!
You die...

####### #..)..#
#.###.# ###### #.#
#.#
#######....#####.#
#.#
#.......##.......#
#.##
#.####..##.......#
#...
#.......##.......#
####
######♣####...^..#
#.. #oo{.........##
#.# #.#...........#
#.#
#.###.##......#**#.#
# #.#........ ...
#.#.###.#.##*#.# #.
#.#.# #.#
.###.#.####.#
....>....W§..


You could see an orc priest and an orc wizard.

Vanquished Creatures
  Sigmund (D:4)
  An orc warrior (D:5)
  An ogre (D:4)
  A sky beast (D:5)
  3 crimson imps
  A hound (D:4)
  A centaur skeleton (D:4)
  2 orc wizards (D:5)
  A giant frog skeleton (D:5)
  Natasha (D:4)
  2 worker ants (D:4)
  A hound skeleton (D:4)
  4 adders
  A shadow imp (D:5)
  An ooze (D:3)
  7 worms
  3 dart slugs
  3 giant geckos
  6 orcs
  A giant cockroach (D:2)
  7 goblins
  10 hobgoblins
  2 jackals (D:5)
  5 kobolds
  5 bats (D:2)
  8 giant newts
  14 rats
93 creatures vanquished.

Notes
Turn   | Place    | Note
--------------------------------------------------------------
     0 | D:1      | oplop the Octopode Fire Elementalist began the quest for the Orb.
     0 | D:1      | Reached XP level 1. HP: 11/11 MP: 3/3
   114 | D:1      | Reached XP level 2. HP: 17/17 MP: 5/5
   133 | D:1      | Learned a level 2 spell: Throw Flame
   779 | D:2      | Reached XP level 3. HP: 19/21 MP: 2/6
   929 | D:2      | Found a deep blue altar of Sif Muna.
  1441 | D:2      | Learned a level 3 spell: Conjure Flame
  1457 | D:2      | Reached XP level 4. HP: 24/27 MP: 3/7
  1798 | D:3      | Wingboner: >hot tentai action!
  1802 | D:3      | oplop: угу
  1802 | D:3      | oplop: вынес?
  1803 | D:3      | Wingboner: Да.
  1804 | D:3      | oplop: збс
  1818 | D:3      | Found an iron altar of Okawaru.
  1924 | D:3      | oplop: можно в анабиоз до следующего турнира уходить, кек
  2147 | D:3      | oplop: веху или чеи
  2147 | D:3      | Wingboner: Vow of courage уже засчитало, brute force и победу ещё не прожевало.
  2147 | D:3      | Wingboner: У кого ты спрашиваешь?!
  2147 | D:3      | oplop: ну да, резонно
  2147 | D:3      | oplop: !rng vehu chei
  2147 | D:3      | beem: The RNG chooses: chei.
  2147 | D:3      | oplop: !rng vehu chei
  2147 | D:3      | beem: The RNG chooses: chei.
  2147 | D:3      | oplop: !rng vehu chei
  2147 | D:3      | beem: The RNG chooses: vehu.
  2147 | D:3      | oplop: рандом сказал свое слово
  2498 | D:3      | Reached XP level 5. HP: 22/31 MP: 1/9
  2901 | D:4      | Wingboner: Вообще, если серьёзно, то за огневика я таки взял бы Веха.
  2901 | D:4      | Wingboner: Потому что с голой жопой чеиту грустно.
  2931 | D:4      | oplop: ну с веху тоже голая жопа будет
  2931 | D:4      | oplop: разница то
  3010 | D:4      | Found Eqaar's Antique Weapon Boutique.
  3013 | D:4      | Wingboner: Убегать проще, боевых заклинаний больше.
  3025 | D:4      | Wingboner: Кайтить можно.
  3026 | D:4      | Bought a runed dagger for 46 gold pieces
  3026 | D:4      | Bought a glowing dagger for 46 gold pieces
  3029 | D:4      | Wingboner: Я за колдунцов люблю искать протект в начале.
  3073 | D:4      | oplop: да, протект годен
  3073 | D:4      | oplop: особено за каракатицу
  3083 | D:4      | Noticed Sigmund
  3090 | D:4      | Killed Sigmund
  3090 | D:4      | Reached skill level 4 in Fire Magic
  3090 | D:4      | Reached XP level 6. HP: 28/36 MP: 8/11
  3161 | D:4      | oplop: мммм
  3173 | D:4      | Reached XP level 7. HP: 41/41 MP: 1/12
  3416 | D:4      | Noticed Natasha
  3425 | D:4      | Killed Natasha
  3752 | D:5      | Entered Level 5 of the Dungeon
  3752 | D:5      | Noticed raph's ghost (amateur DDNe)
  3831 | D:5      | oplop: начинается анальный карнавал
  3831 | D:5      | oplop: с перекатами
  4074 | D:5      | Gained mutation: Scrolls take you a little longer to read. [mutagenic meat]
  4075 | D:5      | Gained mutation: One of your tentacles bears a spike. [mutagenic meat]
  4076 | D:5      | Lost mutation: Scrolls take you a little longer to read. [mutagenic meat]
  4077 | D:5      | Wingboner: 13 ачивок на 3м уровне, три комбохайскора, один расовый хайскор, 22е место. Нормально.
  4077 | D:5      | Gained mutation: You occasionally shout uncontrollably at your foes. [mutagenic meat]
  4078 | D:5      | Gained mutation: You regenerate slowly when monsters are visible. [mutagenic meat]
  4079 | D:5      | Gained mutation: You passively map a small area around you. [mutagenic meat]
  4080 | D:5      | oplop: вполне
  4107 | D:5      | oplop: бля
  4107 | D:5      | oplop: кнопкой ошибся
  4406 | D:5      | Reached skill level 5 in Fire Magic
  4451 | D:5      | Found a staircase to the Ecumenical Temple.
  4455 | D:5      | Reached XP level 8. HP: 43/46 MP: 14/14
  4497 | D:5      | Wingboner: Ехук со своей одной победой на 246 месте из 3406
  4664 | D:5      | Wingboner: Много людей играет (и это только в стабилку), однако.
  4666 | D:5      | oplop: угу
  4678 | D:5      | oplop: рип
  4682 | D:5      | Gained mutation: You can translocate small distances at will. [potion of mutation]
  4682 | D:5      | Gained mutation: You expend magic power (3 MP) to strengthen your wands. [potion of mutation]
  4682 | D:5      | Lost mutation: One of your tentacles bears a spike. [potion of mutation]
  4684 | D:5      | HP: 1/46 [orc priest/divine providence (13)]
  4685 | D:5      | Lost mutation: You expend magic power (3 MP) to strengthen your wands. [potion of cure mutation]
  4685 | D:5      | Lost mutation: You occasionally shout uncontrollably at your foes. [potion of cure mutation]
  4685 | D:5      | Lost mutation: You can translocate small distances at will. [potion of cure mutation]
  4685 | D:5      | Lost mutation: You passively map a small area around you. [potion of cure mutation]
  4687 | D:5      | Killed from afar by an orc priest

Skill      XL: |  1  2  3  4  5  6  7 |
---------------+----------------------+-----
Conjurations   | 2 3 4 |  4.5
Dodging        | 3 4 |  4.9
Spellcasting   | 3 4 |  4.4
Fire Magic     | 4 5 |  5.0
Stealth        | |  2.6

Action                   |  1- 3 |  4- 6 |  7- 9 || total
-------------------------+-------+-------+-------++-------
Melee: Short sword       |    54 |     1 |       ||    55
       Constrict         |    15 |    21 |     8 ||    44
       Tentacles         |     3 |    14 |     6 ||    23
       Unarmed           |     1 |       |    17 ||    18
       Dagger            |       |    63 |    56 ||   119
 Cast: Flame Tongue      |    16 |    38 |    13 ||    67
       Throw Flame       |     6 |     7 |     1 ||    14
       Conjure Flame     |       |     1 |     3 ||     4
  Use: Scroll            |       |     3 |       ||     3
       Potion            |       |       |    11 ||    11
 Stab: Sleeping          |    15 |     9 |     3 ||    27
  Eat: Chunk             |     2 |     6 |    10 ||    18
Armor: Skin              |     2 |     2 |    27 ||    31
Dodge: Dodged            |    29 |    36 |    33 ||    98
